St-Louis Blues vs Calgary Flames

Created - samedi 22 décembre 2018 at 19:00

Goals
1 2 3 OT1 T
St-Louis Blues 0 1 3 1 5
Calgary Flames 0 3 1 0 4
Shots
1 2 3 OT1 T
St-Louis Blues 8 8 17 1 34
Calgary Flames 10 13 14 0 37

1st period

No Goal

Penalties :
Troy Brouwer (STL) for Tripping (Minor) at 11:47

2nd period

1. Calgary Flames , Erik Haula 7 (Alex Chiasson 5) at 3:23
2. St-Louis Blues , Troy Brouwer 13 (Alex Pietrangelo 17, Jaroslav Halak) at 3:54
3. Calgary Flames , Daniel Carr 3 (Alex Chiasson 6, Sam Bennett 7) at 6:49
4. Calgary Flames , Alex Chiasson 6 (Sam Bennett 8, Daniel Carr 1) at 14:19

Penalties :
Troy Brouwer (STL) for Holding (Minor) at 11:43, Troy Brouwer (STL) for Cross-checking (Minor) at 14:22

3rd period

5. Calgary Flames , Sam Bennett 7 (Alex Chiasson 7, Micheal Ferland 10) at 8:28
6. St-Louis Blues , Scottie Upshall 7 (Jamie Oleksiak 6) at 12:52
7. St-Louis Blues , Troy Brouwer 14 (Dmitrij Jaskin 7, J.T. Compher 13) at 14:47
8. St-Louis Blues , Ryan Strome 6 (Carl Gunnarsson 6) at 17:38 (SH)

Penalties :
Sammy Blais (STL) for Boarding (Minor) at 1:33, Robert Bortuzzo (STL) for Tripping (Minor) at 15:48

Overtime #1

9. St-Louis Blues , Jaden Schwartz 18 (J.T. Compher 14, Alex Pietrangelo 18) at 0:16

Penalties :
No Penalty

Goalie Stats

Jaroslav Halak (STL), 33 saves from 37 shots - (0.892), W, 13-3-1, 60:16 minutes
Mike Smith (CGY), 29 saves from 34 shots - (0.853), OTL, 22-9-3, 60:16 minutes

Players Stats for St-Louis Blues

Player Name              G  A  P  +/- PIM S  H  SB GA TA FO     MP     PP MP  PK MP  
------------------------------------------------------------------------------------
Alex Pietrangelo         0  2  2   0  0   2  0  3  2  0  0/0    23:53   0:00   1:03 
Carl Gunnarsson          0  1  1   1  0   1  0  1  0  0  0/0    18:34   0:00   4:57 
Chris Stewart            0  0  0   0  0   0  2  0  0  0  0/0    12:29   0:00   2:50 
Dmitrij Jaskin           0  1  1   0  0   2  1  1  2  1  0/0    15:25   0:00   1:03 
J.T. Compher             0  2  2   1  0   2  2  0  1  1  13/25  14:13   0:00   0:00 
Jaden Schwartz           1  0  1   0  0   2  5  0  0  0  0/0    13:37   0:00   0:00 
Jamie Oleksiak           0  1  1   0  0   0  3  0  0  1  0/0    20:21   0:00   4:58 
Joel Edmundson           0  0  0  -2  0   2  0  1  0  1  0/0    21:21   0:00   0:06 
Kyle Brodziak            0  0  0   1  0   3  1  1  1  1  9/19   17:38   0:00   5:20 
Nikita Soshnikov         0  0  0  -1  0   0  2  0  0  0  0/0     9:57   0:00   0:00 
Patrik Berglund          0  0  0  -1  0   2  1  0  0  0  5/9    13:11   0:00   3:25 
Paul Stastny             0  0  0  -1  0   5  0  0  0  0  9/18   14:04   0:00   0:18 
Robert Bortuzzo          0  0  0   1  2   1  4  1  1  0  0/0    18:37   0:00   3:58 
Ryan Strome              1  0  1   0  0   2  4  0  0  0  1/1    16:03   0:00   2:45 
Sammy Blais              0  0  0   1  2   0  1  0  0  1  0/0    11:43   0:00   0:00 
Scottie Upshall          1  0  1   1  0   3  2  0  0  1  0/1    13:34   0:00   1:50 
Troy Brouwer             2  0  2   0  6   7  2  0  0  1  1/1    17:53   0:00   2:19 
Vince Dunn               0  0  0   1  0   0  0  1  0  0  0/0    18:15   0:00   4:48 

Players Stats for Calgary Flames

Player Name              G  A  P  +/- PIM S  H  SB GA TA FO     MP     PP MP  PK MP  
------------------------------------------------------------------------------------
Adam Pelech              0  0  0  -1  0   0  1  0  0  0  0/0    16:00   0:00   0:00 
Alex Chiasson            1  3  4   0  0   2  5  0  2  0  0/0    13:10   0:11   0:00 
Colin Miller             0  0  0  -1  0   3  1  0  1  1  0/0    21:42   5:04   0:00 
Daniel Carr              1  1  2   0  0   2  2  1  0  0  0/1    12:31   0:07   0:00 
Erik Haula               1  0  1   0  0   7  0  0  2  0  10/16  16:14   5:01   0:00 
Jake Gardiner            0  0  0  -2  0   2  1  2  0  1  0/0    21:28   5:04   0:00 
Johnny Gaudreau          0  0  0  -1  0   4  0  1  0  0  1/4    19:32   4:47   0:00 
Josh Anderson            0  0  0   0  0   1  2  0  1  0  0/2    11:59   0:00   0:00 
Mark Giordano            0  0  0   1  0   2  1  6  1  1  0/0    22:34   4:51   0:00 
Michael Frolik           0  0  0   1  0   1  0  1  0  0  0/0    11:09   0:00   0:00 
Michael Stone            0  0  0   0  0   0  1  0  0  1  0/0    16:14   0:00   0:00 
Micheal Ferland          0  1  1  -1  0   0  4  0  0  0  0/0    16:34   5:01   0:00 
Paul Byron               0  0  0   0  0   2  2  1  0  0  0/1    16:14   5:01   0:00 
Radek Faksa              0  0  0   0  0   4  1  0  1  2  8/11   12:06   0:07   0:00 
Reilly Smith             0  0  0   0  0   1  1  1  0  1  0/0    19:07   4:43   0:00 
Sam Bennett              1  2  3   0  0   3  2  0  0  0  5/9    12:24   0:00   0:00 
Sean Monahan             0  0  0  -1  0   3  1  1  0  0  12/30  19:32   4:47   0:00 
TJ Brodie                0  0  0   2  0   0  0  6  0  0  0/0    22:18   4:51   0:00 

3 Stars

1 - Alex Chiasson (CGY)
2 - Sam Bennett (CGY)
3 - Jaden Schwartz (STL)

Power Play

St-Louis Blues - 0 on 0 Attempt(s) - 0.00%
Calgary Flames - 0 on 5 Attempt(s) - 0.00%

Penalty Kill

St-Louis Blues - 5 on 5 Attempt(s) - 100.00% - Score 1 goal in Penalty Kill
Calgary Flames - 0 on 0 Attempt(s) - 0.00% - Score 0 goal in Penalty Kill

Team Stat

St-Louis Blues - Hits : 30 - Faceoff Wins : 38 - Blocked Shots : 9 - Penalty Minutes : 10
Calgary Flames - Hits : 25 - Faceoff Wins : 36 - Blocked Shots : 20 - Penalty Minutes : 0

Official

Referees : Dan O'Rourke and Kevin Pollock
Linesman : Brandon Gawryletz and Scott Cherrey

Game Notes

No Game Note

Finance

Level 1 -- Attendance: 10000 (100.00%) -- Ticket Income fr. 800'000
Level 2 -- Attendance: 1828 (91.40%) -- Ticket Income fr. 118'820
Level 3 -- Attendance: 2764 (78.97%) -- Ticket Income fr. 96'740
Level 4 -- Attendance: 1393 (96.07%) -- Ticket Income fr. 27'860
Luxury Box -- Attendance: 50 (100.00%) -- Ticket Income fr. 10'000
Game was played at the Scotiabank Saddledome.
Total Attendance: 16035 (94.32%)
Total Ticket Income: fr. 1'053'420
Total Income: fr. 1'053'420

St-Louis Blues

5 vs 5 Forward 
   Center                   Left Wing                Right Wing               Time % Phy DF OF 
 1 Paul Stastny             Jaden Schwartz           Ryan Strome              28     0   0  5  
 2 J.T. Compher             Dmitrij Jaskin           Troy Brouwer             28     0   1  4  
 3 Kyle Brodziak            Scottie Upshall          Sammy Blais              24     1   3  1  
 4 Patrik Berglund          Chris Stewart            Nikita Soshnikov         20     1   2  2  

5 vs 5 Defense 
   Defense                  Defense                                           Time % Phy DF OF 
 1 Joel Edmundson           Carl Gunnarsson                                   30     1   1  3  
 2 Alex Pietrangelo         Jamie Oleksiak                                    30     1   1  3  
 3 Robert Bortuzzo          Vince Dunn                                        20     1   3  1  
 4 Alex Pietrangelo         Joel Edmundson                                    20     0   3  2  

PowerPlay Forward 
   Center                   Left Wing                Right Wing               Time % Phy DF OF 
 1 Paul Stastny             Jaden Schwartz           Ryan Strome              60     0   0  5  
 2 J.T. Compher             Nikita Soshnikov         Patrik Berglund          40     1   0  4  

PowerPlay Defense
   Defense                  Defense                                           Time % Phy DF OF 
 1 Vince Dunn               Robert Bortuzzo                                   50     1   0  4  
 2 Carl Gunnarsson          Jamie Oleksiak                                    50     1   1  3  

Penalty Kill 4 Players Forward 
   Center                   Wing                     Time % Phy DF OF 
 1 Kyle Brodziak            Troy Brouwer             60     1   4  0  
 2 Patrik Berglund          Scottie Upshall          40     2   3  0  

Penalty Kill 4 Players Defense
   Defense                  Defense                  Time % Phy DF OF 
 1 Robert Bortuzzo          Jamie Oleksiak           50     2   3  0  
 2 Carl Gunnarsson          Vince Dunn               50     1   4  0  

Penalty Kill - 3 Players Forward 
   Forward                                           Time % Phy DF OF 
 1 Dmitrij Jaskin                                    50     0   5  0  
 2 Ryan Strome                                       50     1   4  0  

Penalty Kill - 3 Players Defense
   Defense                  Defense                  Time % Phy DF OF 
 1 Robert Bortuzzo          Joel Edmundson           50     2   3  0  
 2 Carl Gunnarsson          Alex Pietrangelo         50     1   4  0  

4 vs 4 Forward 
   Center                   Wing                     Time % Phy DF OF 
 1 Paul Stastny             Sammy Blais              60     1   2  2  
 2 Kyle Brodziak            Nikita Soshnikov         40     0   2  3  

4 vs 4 Defense
   Defense                  Defense                  Time % Phy DF OF 
 1 Alex Pietrangelo         Vince Dunn               60     1   2  2  
 2 Carl Gunnarsson          Joel Edmundson           40     1   2  2  

Last Minutes Offensive
   Center                   Left Wing                Right Wing               Defense                  Defense                  
   Paul Stastny             Jaden Schwartz           Nikita Soshnikov         Alex Pietrangelo         Vince Dunn               

Last Minutes Defensive
   Center                   Left Wing                Right Wing               Defense                  Defense                  
   Kyle Brodziak            Scottie Upshall          Chris Stewart            Carl Gunnarsson          Joel Edmundson           

Goaltenders
Starting : Jaroslav Halak           
Backup : Alex Stalock             

Extra Forwards
Normal : Nikita Soshnikov, Jaden Schwartz, Dmitrij Jaskin - PP : Patrik Berglund, J.T. Compher - PK : Ryan Strome
Extra Defensemen
Normal : Vince Dunn, Carl Gunnarsson, Joel Edmundson - PP : Vince Dunn - PK : Alex Pietrangelo, Jamie Oleksiak
Penalty Shots
Paul Stastny, Jaden Schwartz, Nikita Soshnikov, Ryan Strome, J.T. Compher
Custom OT Lines Forwards
Jaden Schwartz, J.T. Compher, Paul Stastny, Kyle Brodziak, Ryan Strome, Nikita Soshnikov, Troy Brouwer, Dmitrij Jaskin, Sammy Blais, Chris Stewart
Custom OT Lines Defensemen
Alex Pietrangelo, Jamie Oleksiak, Vince Dunn, Carl Gunnarsson, Joel Edmundson

Scratches
Jacob Josefson (Healthy), Paul LaDue (Healthy), Ivan Barbashev (Right Foot Injury), Thomas Greiss (Healthy)

Calgary Flames

5 vs 5 Forward 
   Center                   Left Wing                Right Wing               Time % Phy DF OF 
 1 Sean Monahan             Johnny Gaudreau          Reilly Smith             28     0   2  3  
 2 Erik Haula               Paul Byron               Michael Frolik           24     0   3  2  
 3 Radek Faksa              Micheal Ferland          Josh Anderson            24     0   3  2  
 4 Sam Bennett              Alex Chiasson            Daniel Carr              24     0   3  2  

5 vs 5 Defense 
   Defense                  Defense                                           Time % Phy DF OF 
 1 Mark Giordano            TJ Brodie                                         35     0   3  2  
 2 Jake Gardiner            Adam Pelech                                       33     0   3  2  
 3 Colin Miller             Michael Stone                                     32     0   3  2  
 4 Mark Giordano            TJ Brodie                                         0      0   3  2  

PowerPlay Forward 
   Center                   Left Wing                Right Wing               Time % Phy DF OF 
 1 Sean Monahan             Johnny Gaudreau          Reilly Smith             50     0   0  5  
 2 Erik Haula               Paul Byron               Micheal Ferland          50     0   0  5  

PowerPlay Defense
   Defense                  Defense                                           Time % Phy DF OF 
 1 Mark Giordano            TJ Brodie                                         48     0   1  4  
 2 Jake Gardiner            Colin Miller                                      52     0   1  4  

Penalty Kill 4 Players Forward 
   Center                   Wing                     Time % Phy DF OF 
 1 Radek Faksa              Michael Frolik           50     1   2  2  
 2 Paul Byron               Alex Chiasson            50     1   2  2  

Penalty Kill 4 Players Defense
   Defense                  Defense                  Time % Phy DF OF 
 1 Mark Giordano            TJ Brodie                48     1   3  1  
 2 Adam Pelech              Michael Stone            52     1   3  1  

Penalty Kill - 3 Players Forward 
   Forward                                           Time % Phy DF OF 
 1 Radek Faksa                                       50     1   2  2  
 2 Michael Frolik                                    50     1   2  2  

Penalty Kill - 3 Players Defense
   Defense                  Defense                  Time % Phy DF OF 
 1 Mark Giordano            TJ Brodie                48     1   3  1  
 2 Adam Pelech              Michael Stone            52     1   3  1  

4 vs 4 Forward 
   Center                   Wing                     Time % Phy DF OF 
 1 Sean Monahan             Johnny Gaudreau          48     0   2  3  
 2 Erik Haula               Reilly Smith             52     0   2  3  

4 vs 4 Defense
   Defense                  Defense                  Time % Phy DF OF 
 1 Mark Giordano            TJ Brodie                48     0   3  2  
 2 Jake Gardiner            Adam Pelech              52     0   3  2  

Last Minutes Offensive
   Center                   Left Wing                Right Wing               Defense                  Defense                  
   Sean Monahan             Johnny Gaudreau          Reilly Smith             Mark Giordano            Jake Gardiner            

Last Minutes Defensive
   Center                   Left Wing                Right Wing               Defense                  Defense                  
   Radek Faksa              Paul Byron               Michael Frolik           Mark Giordano            TJ Brodie                

Goaltenders
Starting : Mike Smith               
Backup : David Rittich            

Extra Forwards
Normal : Sean Monahan, Erik Haula, Micheal Ferland - PP : Sean Monahan, Erik Haula - PK : Radek Faksa
Extra Defensemen
Normal : Mark Giordano, Jake Gardiner, Colin Miller - PP : Jake Gardiner - PK : Mark Giordano, Adam Pelech
Penalty Shots
Johnny Gaudreau, Sean Monahan, Reilly Smith, Erik Haula, Radek Faksa
Custom OT Lines Forwards
Sean Monahan, Johnny Gaudreau, Erik Haula, Reilly Smith, Radek Faksa, Paul Byron, Michael Frolik, Sam Bennett, Micheal Ferland, Josh Anderson
Custom OT Lines Defensemen
Mark Giordano, TJ Brodie, Jake Gardiner, Adam Pelech, Colin Miller

Scratches
Danton Heinen (Healthy), Carter Rowney (Healthy), Chad Johnson (Healthy)

% Time on Ice - St-Louis Blues

Lines # - Real PCT - Wanted PCT - Time Play
Normal Forward
1 - 29% - 28% - 14:45
2 - 28% - 28% - 14:04
3 - 23% - 24% - 11:37
4 - 19% - 20% - 9:39
Normal Defense
1 - 28% - 30% - 14:04
2 - 30% - 30% - 14:56
3 - 26% - 20% - 12:58
4 - 16% - 20% - 8:07
PP Forward
1 - 0% - 60%
2 - 0% - 40%
PP Defense
1 - 0% - 50%
2 - 0% - 50%
PK Forward
1 - 82% - 60% - 8:05
2 - 18% - 40% - 1:50
PK Defense
1 - 52% - 50% - 5:07
2 - 48% - 50% - 4:48
PK3 Forward
1 - 0% - 50%
2 - 0% - 50%
PK3 Defense
1 - 0% - 50%
2 - 0% - 50%
44 Forward
1 - 0% - 60%
2 - 0% - 40%
44 Defense
1 - 0% - 60%
2 - 0% - 40%
Last Minute Offensive  - 0:00
Last Minute Defensive  - 0:00
Total
Forward - 60:00
Defense - 60:00

% Time on Ice - Calgary Flames

Lines # - Real PCT - Wanted PCT - Time Play
Normal Forward
1 - 29% - 28% - 14:29
2 - 22% - 24% - 11:13
3 - 24% - 24% - 11:59
4 - 25% - 24% - 12:24
Normal Defense
1 - 34% - 35% - 17:06
2 - 33% - 33% - 16:44
3 - 32% - 32% - 15:54
4 - 1% - 0% - 0:21
PP Forward
1 - 48% - 50% - 4:47
2 - 52% - 50% - 5:08
PP Defense
1 - 49% - 48% - 4:51
2 - 51% - 52% - 5:04
PK Forward
1 - 0% - 50%
2 - 0% - 50%
PK Defense
1 - 0% - 48%
2 - 0% - 52%
PK3 Forward
1 - 0% - 50%
2 - 0% - 50%
PK3 Defense
1 - 0% - 48%
2 - 0% - 52%
44 Forward
1 - 0% - 48%
2 - 0% - 52%
44 Defense
1 - 0% - 48%
2 - 0% - 52%
Last Minute Offensive  - 0:00
Last Minute Defensive  - 0:00
Total
Forward - 60:00
Defense - 60:00

Play-by-Play

1st period


0:01 of 1st period - Paul Stastny wins face-off versus Sean Monahan in neutral zone.
1:06 of 1st period - Adam Pelech is hit by Nikita Soshnikov and loses puck.
1:13 of 1st period - Alex Pietrangelo is hit by Alex Chiasson and loses puck.
1:34 of 1st period - Snap shot by Sean Monahan.
1:34 of 1st period - Stopped by Jaroslav Halak with a rebound.
2:04 of 1st period - Kyle Brodziak is hit by Josh Anderson and loses puck.
2:23 of 1st period - Adam Pelech is hit by Robert Bortuzzo and loses puck.
3:20 of 1st period - Adam Pelech is hit by Dmitrij Jaskin and loses puck.
3:33 of 1st period - Kyle Brodziak is hit by Radek Faksa and loses puck.
3:47 of 1st period - Icing by Radek Faksa.
3:48 of 1st period - Sam Bennett wins face-off versus Patrik Berglund in Calgary Flames zone.
3:53 of 1st period - Wrist shot by Alex Chiasson.
3:53 of 1st period - Shot Misses the Net.
3:59 of 1st period - Alex Chiasson is hit by Chris Stewart.
4:03 of 1st period - Nikita Soshnikov is hit by Sam Bennett and loses puck.
4:25 of 1st period - Alex Pietrangelo is hit by Reilly Smith and loses puck.
4:56 of 1st period - Icing by Colin Miller.
4:57 of 1st period - Erik Haula wins face-off versus Kyle Brodziak in Calgary Flames zone.
4:57 of 1st period - Erik Haula is hit by Scottie Upshall.
5:03 of 1st period - Slapshot by Colin Miller.
5:03 of 1st period - Shot Misses the Net.
5:45 of 1st period - TJ Brodie is hit by Jaden Schwartz.
6:27 of 1st period - Snap shot by Sean Monahan.
6:27 of 1st period - Stopped by Jaroslav Halak with a rebound.
6:29 of 1st period - Snap shot by Sean Monahan.
6:29 of 1st period - Stopped by Jaroslav Halak without a rebound.
6:30 of 1st period - Sean Monahan wins face-off versus Kyle Brodziak in St-Louis Blues zone.
6:57 of 1st period - Alex Chiasson is hit by Troy Brouwer.
7:19 of 1st period - Slapshot by Erik Haula.
7:19 of 1st period - Stopped by Jaroslav Halak with a rebound.
7:25 of 1st period - Snap shot by Erik Haula.
7:25 of 1st period - Stopped by Jaroslav Halak without a rebound.
7:26 of 1st period - Kyle Brodziak wins face-off versus Radek Faksa in St-Louis Blues zone.
7:41 of 1st period - Snap shot by Scottie Upshall.
7:41 of 1st period - Stopped by Mike Smith with a rebound.
8:13 of 1st period - Wrist shot by Dmitrij Jaskin.
8:13 of 1st period - Deflect By J.T. Compher.
8:13 of 1st period - Shot Misses the Net.
8:13 of 1st period - Puck is out of play.
8:14 of 1st period - Sam Bennett wins face-off versus J.T. Compher in Calgary Flames zone.
8:14 of 1st period - Sam Bennett is hit by Troy Brouwer.
8:38 of 1st period - Alex Chiasson is hit by Jaden Schwartz and loses puck.
8:45 of 1st period - Wrist shot by Paul Stastny.
8:45 of 1st period - Stopped by Mike Smith without a rebound.
8:46 of 1st period - Patrik Berglund wins face-off versus Sean Monahan in Calgary Flames zone.
8:51 of 1st period - Snap shot by Chris Stewart.
8:51 of 1st period - Shot Blocked by TJ Brodie.
9:16 of 1st period - Wrist shot by Mark Giordano.
9:16 of 1st period - Deflect By Alex Pietrangelo.
9:16 of 1st period - Stopped by Jaroslav Halak without a rebound.
9:17 of 1st period - Erik Haula wins face-off versus Kyle Brodziak in St-Louis Blues zone.
9:46 of 1st period - Snap shot by Erik Haula.
9:46 of 1st period - Deflect By Joel Edmundson.
9:46 of 1st period - Shot Blocked by Carl Gunnarsson.
9:46 of 1st period - Puck is out of play.
9:47 of 1st period - Radek Faksa wins face-off versus J.T. Compher in St-Louis Blues zone.
9:58 of 1st period - Jamie Oleksiak is hit by Micheal Ferland and loses puck.
10:11 of 1st period - Johnny Gaudreau is hit by Jamie Oleksiak and loses puck.
10:20 of 1st period - Wrist shot by Paul Stastny.
10:20 of 1st period - Stopped by Mike Smith without a rebound.
10:21 of 1st period - Kyle Brodziak wins face-off versus Sam Bennett in Calgary Flames zone.
10:22 of 1st period - Snap shot by Scottie Upshall.
10:22 of 1st period - Shot Misses the Net.
10:50 of 1st period - Snap shot by Jaden Schwartz.
10:50 of 1st period - Shot Misses the Net.
10:52 of 1st period - Snap shot by Joel Edmundson.
10:52 of 1st period - Stopped by Mike Smith without a rebound.
10:53 of 1st period - Radek Faksa wins face-off versus Paul Stastny in Calgary Flames zone.
11:22 of 1st period - Snap shot by Erik Haula.
11:22 of 1st period - Shot Misses the Net.
11:24 of 1st period - Wrist shot by Michael Frolik.
11:24 of 1st period - Stopped by Jaroslav Halak with a rebound.
11:26 of 1st period - Slapshot by Colin Miller.
11:26 of 1st period - Deflect By Erik Haula.
11:26 of 1st period - Stopped by Jaroslav Halak without a rebound.
11:27 of 1st period - Erik Haula wins face-off versus J.T. Compher in St-Louis Blues zone.
11:47 of 1st period - Minor Penalty to Troy Brouwer for Tripping.
11:48 of 1st period - Ryan Strome wins face-off versus Sean Monahan in St-Louis Blues zone.
13:47 of 1st period - Penalty to Troy Brouwer is over, Troy Brouwer is back on ice.
13:54 of 1st period - Robert Bortuzzo is hit by Alex Chiasson and loses puck.
15:52 of 1st period - Daniel Carr is hit by Ryan Strome and loses puck.
16:09 of 1st period - Icing by Scottie Upshall.
16:10 of 1st period - Kyle Brodziak wins face-off versus Josh Anderson in St-Louis Blues zone.
16:19 of 1st period - Jake Gardiner is hit by Kyle Brodziak and loses puck.
16:41 of 1st period - Snap shot by Scottie Upshall.
16:41 of 1st period - Shot Misses the Net.
16:43 of 1st period - Slapshot by Carl Gunnarsson.
16:43 of 1st period - Shot Misses the Net.
16:45 of 1st period - Slapshot by Carl Gunnarsson.
16:45 of 1st period - Stopped by Mike Smith without a rebound.
16:46 of 1st period - Sean Monahan wins face-off versus Patrik Berglund in Calgary Flames zone.
17:01 of 1st period - Snap shot by Reilly Smith.
17:01 of 1st period - Stopped by Jaroslav Halak with a rebound.
17:27 of 1st period - Wrist shot by Johnny Gaudreau.
17:27 of 1st period - Stopped by Jaroslav Halak without a rebound.
17:28 of 1st period - J.T. Compher wins face-off versus Erik Haula in St-Louis Blues zone.
17:35 of 1st period - Snap shot by J.T. Compher.
17:35 of 1st period - Shot Misses the Net.
17:37 of 1st period - Snap shot by J.T. Compher.
17:37 of 1st period - Shot Misses the Net.
17:39 of 1st period - Slapshot by Alex Pietrangelo.
17:39 of 1st period - Shot Blocked by Paul Byron.
17:41 of 1st period - Slapshot by Alex Pietrangelo.
17:41 of 1st period - Deflect By Troy Brouwer.
17:41 of 1st period - Stopped by Mike Smith with a rebound.
17:43 of 1st period - Backhand shot by Jamie Oleksiak.
17:43 of 1st period - Shot Blocked by TJ Brodie.
17:59 of 1st period - Icing by Paul Byron.
18:00 of 1st period - Patrik Berglund wins face-off versus Erik Haula in Calgary Flames zone.
18:37 of 1st period - Snap shot by Paul Byron.
18:37 of 1st period - Shot Misses the Net.
18:49 of 1st period - Slapshot by Patrik Berglund.
18:49 of 1st period - Stopped by Mike Smith without a rebound.
18:50 of 1st period - J.T. Compher wins face-off versus Sean Monahan in Calgary Flames zone.
18:53 of 1st period - Slapshot by Dmitrij Jaskin.
18:53 of 1st period - Stopped by Mike Smith without a rebound.
18:54 of 1st period - J.T. Compher wins face-off versus Johnny Gaudreau in Calgary Flames zone.
19:01 of 1st period - Wrist shot by Troy Brouwer.
19:01 of 1st period - Shot Misses the Net.
19:03 of 1st period - Wrist shot by Dmitrij Jaskin.
19:03 of 1st period - Shot Blocked by Mark Giordano.
19:05 of 1st period - Wrist shot by Troy Brouwer.
19:05 of 1st period - Shot Misses the Net.
19:07 of 1st period - Slapshot by Dmitrij Jaskin.
19:07 of 1st period - Shot Misses the Net.
19:09 of 1st period - Slapshot by Alex Pietrangelo.
19:09 of 1st period - Shot Misses the Net.
19:27 of 1st period - Sam Bennett is hit by Jaden Schwartz and loses puck.
19:37 of 1st period - Icing by Ryan Strome.
19:38 of 1st period - Paul Stastny wins face-off versus Josh Anderson in St-Louis Blues zone.
Goals for this period are 0 for St-Louis Blues vs 0 for Calgary Flames.
Shots for this period are 8 for St-Louis Blues vs 10 for Calgary Flames.

2nd period


0:01 of 2nd period - J.T. Compher wins face-off versus Sean Monahan in neutral zone.
0:18 of 2nd period - Reilly Smith is hit by J.T. Compher.
0:33 of 2nd period - Snap shot by Sam Bennett.
0:33 of 2nd period - Stopped by Jaroslav Halak with a rebound.
0:59 of 2nd period - Josh Anderson is hit by Ryan Strome.
1:21 of 2nd period - Snap shot by Radek Faksa.
1:21 of 2nd period - Stopped by Jaroslav Halak with a rebound.
1:25 of 2nd period - Snap shot by Radek Faksa.
1:25 of 2nd period - Shot Misses the Net.
1:35 of 2nd period - Wrist shot by Micheal Ferland.
1:35 of 2nd period - Shot Blocked by Vince Dunn.
1:37 of 2nd period - Slapshot by Radek Faksa.
1:37 of 2nd period - Stopped by Jaroslav Halak with a rebound.
1:45 of 2nd period - Patrik Berglund is hit by Adam Pelech and loses puck.
2:25 of 2nd period - Vince Dunn is hit by Josh Anderson and loses puck.
2:32 of 2nd period - Snap shot by Josh Anderson.
2:32 of 2nd period - Stopped by Jaroslav Halak without a rebound.
2:33 of 2nd period - J.T. Compher wins face-off versus Sean Monahan in St-Louis Blues zone.
2:58 of 2nd period - Jamie Oleksiak is hit by Daniel Carr and loses puck.
3:21 of 2nd period - Snap shot by Erik Haula.
3:21 of 2nd period - Stopped by Jaroslav Halak with a rebound.
3:23 of 2nd period - Snap shot by Erik Haula.
3:23 of 2nd period - Goal by Erik Haula - St-Louis Blues : 0 - Calgary Flames : 1.
3:24 of 2nd period - Sean Monahan wins face-off versus J.T. Compher in neutral zone.
3:54 of 2nd period - Wrist shot by Troy Brouwer.
3:54 of 2nd period - Goal by Troy Brouwer - St-Louis Blues : 1 - Calgary Flames : 1.
3:55 of 2nd period - Sam Bennett wins face-off versus Kyle Brodziak in neutral zone.
5:05 of 2nd period - Robert Bortuzzo is hit by Alex Chiasson and loses puck.
5:30 of 2nd period - Kyle Brodziak is hit by Micheal Ferland and loses puck.
5:41 of 2nd period - Vince Dunn is hit by Paul Byron and loses puck.
5:56 of 2nd period - Kyle Brodziak is hit by Sean Monahan and loses puck.
6:19 of 2nd period - Snap shot by Daniel Carr.
6:19 of 2nd period - Deflect By Jaden Schwartz.
6:19 of 2nd period - Shot Blocked by Robert Bortuzzo.
6:19 of 2nd period - Puck is out of play.
6:20 of 2nd period - Sam Bennett wins face-off versus Paul Stastny in St-Louis Blues zone.
6:27 of 2nd period - Backhand shot by Ryan Strome.
6:27 of 2nd period - Shot Blocked by TJ Brodie.
6:29 of 2nd period - Slapshot by Joel Edmundson.
6:29 of 2nd period - Stopped by Mike Smith without a rebound.
6:30 of 2nd period - Paul Stastny wins face-off versus Sam Bennett in Calgary Flames zone.
6:45 of 2nd period - Snap shot by Sam Bennett.
6:45 of 2nd period - Shot Blocked by Joel Edmundson.
6:47 of 2nd period - Wrist shot by Alex Chiasson.
6:47 of 2nd period - Stopped by Jaroslav Halak with a rebound.
6:49 of 2nd period - Snap shot by Daniel Carr.
6:49 of 2nd period - Goal by Daniel Carr - St-Louis Blues : 1 - Calgary Flames : 2.
6:50 of 2nd period - Paul Stastny wins face-off versus Sean Monahan in neutral zone.
6:53 of 2nd period - Snap shot by Jaden Schwartz.
6:53 of 2nd period - Shot Misses the Net.
6:56 of 2nd period - Icing by Sean Monahan.
6:57 of 2nd period - Paul Stastny wins face-off versus Sean Monahan in Calgary Flames zone.
7:31 of 2nd period - Snap shot by Paul Stastny.
7:31 of 2nd period - Stopped by Mike Smith with a rebound.
7:43 of 2nd period - Snap shot by Johnny Gaudreau.
7:43 of 2nd period - Deflect By Reilly Smith.
7:43 of 2nd period - Shot Blocked by Alex Pietrangelo.
7:43 of 2nd period - Puck is out of play.
7:44 of 2nd period - Erik Haula wins face-off versus J.T. Compher in St-Louis Blues zone.
7:51 of 2nd period - Snap shot by Paul Byron.
7:51 of 2nd period - Stopped by Jaroslav Halak with a rebound.
7:53 of 2nd period - Snap shot by Colin Miller.
7:53 of 2nd period - Deflect By Troy Brouwer.
7:53 of 2nd period - Stopped by Jaroslav Halak without a rebound.
7:54 of 2nd period - Erik Haula wins face-off versus J.T. Compher in St-Louis Blues zone.
8:31 of 2nd period - Slapshot by Colin Miller.
8:31 of 2nd period - Stopped by Jaroslav Halak without a rebound.
8:32 of 2nd period - Sam Bennett wins face-off versus Kyle Brodziak in St-Louis Blues zone.
8:47 of 2nd period - Slapshot by Alex Pietrangelo.
8:47 of 2nd period - Stopped by Mike Smith without a rebound.
8:48 of 2nd period - Paul Stastny wins face-off versus Johnny Gaudreau in Calgary Flames zone.
9:01 of 2nd period - Wrist shot by Jaden Schwartz.
9:01 of 2nd period - Shot Blocked by Mark Giordano.
9:13 of 2nd period - Joel Edmundson is hit by Alex Chiasson and loses puck.
9:22 of 2nd period - Slapshot by Sam Bennett.
9:22 of 2nd period - Stopped by Jaroslav Halak without a rebound.
9:23 of 2nd period - J.T. Compher wins face-off versus Erik Haula in St-Louis Blues zone.
9:23 of 2nd period - J.T. Compher is hit by Michael Stone.
9:49 of 2nd period - Colin Miller is hit by Robert Bortuzzo.
10:29 of 2nd period - Snap shot by Micheal Ferland.
10:29 of 2nd period - Deflect By Radek Faksa.
10:29 of 2nd period - Shot Blocked by Alex Pietrangelo.
10:29 of 2nd period - Puck is out of play.
10:30 of 2nd period - Paul Stastny wins face-off versus Radek Faksa in St-Louis Blues zone.
10:59 of 2nd period - Snap shot by Kyle Brodziak.
10:59 of 2nd period - Shot Misses the Net.
11:40 of 2nd period - Off-side.
11:41 of 2nd period - J.T. Compher wins face-off versus Sean Monahan in neutral zone.
11:43 of 2nd period - Minor Penalty to Troy Brouwer for Holding.
11:44 of 2nd period - Kyle Brodziak wins face-off versus Erik Haula in St-Louis Blues zone.
12:14 of 2nd period - Icing by Reilly Smith.
12:15 of 2nd period - Sean Monahan wins face-off versus Kyle Brodziak in Calgary Flames zone.
12:50 of 2nd period - Ryan Strome is hit by Micheal Ferland and loses puck.
13:06 of 2nd period - Icing by Johnny Gaudreau.
13:07 of 2nd period - Patrik Berglund wins face-off versus Johnny Gaudreau in Calgary Flames zone.
13:08 of 2nd period - Wrist shot by Scottie Upshall.
13:08 of 2nd period - Stopped by Mike Smith without a rebound.
13:09 of 2nd period - Sean Monahan wins face-off versus Patrik Berglund in Calgary Flames zone.
13:40 of 2nd period - Ryan Strome is hit by Micheal Ferland.
13:43 of 2nd period - Penalty to Troy Brouwer is over, Troy Brouwer is back on ice.
13:51 of 2nd period - Wrist shot by Ryan Strome.
13:51 of 2nd period - Shot Blocked by TJ Brodie.
13:53 of 2nd period - Slapshot by Vince Dunn.
13:53 of 2nd period - Shot Blocked by Mark Giordano.
13:55 of 2nd period - Snap shot by Kyle Brodziak.
13:55 of 2nd period - Stopped by Mike Smith without a rebound.
13:56 of 2nd period - Patrik Berglund wins face-off versus Sam Bennett in Calgary Flames zone.
14:19 of 2nd period - Wrist shot by Alex Chiasson.
14:19 of 2nd period - Goal by Alex Chiasson - St-Louis Blues : 1 - Calgary Flames : 3.
14:20 of 2nd period - J.T. Compher wins face-off versus Sean Monahan in neutral zone.
14:22 of 2nd period - Minor Penalty to Troy Brouwer for Cross-checking.
14:23 of 2nd period - Kyle Brodziak wins face-off versus Erik Haula in St-Louis Blues zone.
15:56 of 2nd period - Kyle Brodziak is hit by Jake Gardiner and loses puck.
16:22 of 2nd period - Penalty to Troy Brouwer is over, Troy Brouwer is back on ice.
16:47 of 2nd period - Slapshot by Jamie Oleksiak.
16:47 of 2nd period - Deflect By Paul Stastny.
16:47 of 2nd period - Shot Blocked by Mark Giordano.
16:47 of 2nd period - Puck is out of play.
16:48 of 2nd period - Radek Faksa wins face-off versus Kyle Brodziak in Calgary Flames zone.
16:53 of 2nd period - Slapshot by Kyle Brodziak.
16:53 of 2nd period - Shot Misses the Net.
16:55 of 2nd period - Slapshot by Joel Edmundson.
16:55 of 2nd period - Shot Misses the Net.
16:57 of 2nd period - Slapshot by Joel Edmundson.
16:57 of 2nd period - Shot Blocked by TJ Brodie.
17:09 of 2nd period - Snap shot by Radek Faksa.
17:09 of 2nd period - Shot Misses the Net.
17:36 of 2nd period - Off-side.
17:37 of 2nd period - J.T. Compher wins face-off versus Radek Faksa in neutral zone.
17:48 of 2nd period - Slapshot by Colin Miller.
17:48 of 2nd period - Shot Blocked by Dmitrij Jaskin.
18:02 of 2nd period - Snap shot by Johnny Gaudreau.
18:02 of 2nd period - Shot Blocked by Kyle Brodziak.
18:24 of 2nd period - Off-side.
18:25 of 2nd period - Erik Haula wins face-off versus Paul Stastny in neutral zone.
18:39 of 2nd period - Wrist shot by Ryan Strome.
18:39 of 2nd period - Stopped by Mike Smith with a rebound.
18:41 of 2nd period - Slapshot by Paul Stastny.
18:41 of 2nd period - Stopped by Mike Smith with a rebound.
18:48 of 2nd period - Icing by Colin Miller.
18:49 of 2nd period - Erik Haula wins face-off versus J.T. Compher in Calgary Flames zone.
18:57 of 2nd period - Off-side.
18:58 of 2nd period - J.T. Compher wins face-off versus Sean Monahan in neutral zone.
19:03 of 2nd period - Johnny Gaudreau is hit by Jamie Oleksiak and loses puck.
19:08 of 2nd period - Slapshot by Alex Pietrangelo.
19:08 of 2nd period - Shot Blocked by Jake Gardiner.
19:30 of 2nd period - Wrist shot by Jaden Schwartz.
19:30 of 2nd period - Shot Blocked by Jake Gardiner.
19:32 of 2nd period - Snap shot by Carl Gunnarsson.
19:32 of 2nd period - Shot Misses the Net.
19:34 of 2nd period - Wrist shot by Carl Gunnarsson.
19:34 of 2nd period - Shot Blocked by Sean Monahan.
19:38 of 2nd period - Snap shot by Paul Stastny.
19:38 of 2nd period - Shot Misses the Net.
19:48 of 2nd period - Carl Gunnarsson is hit by Daniel Carr.
Goals for this period are 1 for St-Louis Blues vs 3 for Calgary Flames.
Shots for this period are 8 for St-Louis Blues vs 13 for Calgary Flames.

3rd period


0:01 of 3rd period - Erik Haula wins face-off versus J.T. Compher in neutral zone.
0:25 of 3rd period - Alex Chiasson is hit by Jamie Oleksiak and loses puck.
0:46 of 3rd period - Wrist shot by Jaden Schwartz.
0:46 of 3rd period - Stopped by Mike Smith without a rebound.
0:47 of 3rd period - Sean Monahan wins face-off versus Paul Stastny in Calgary Flames zone.
1:12 of 3rd period - Troy Brouwer is hit by Paul Byron and loses puck.
1:19 of 3rd period - Michael Frolik is hit by J.T. Compher and loses puck.
1:33 of 3rd period - Minor Penalty to Sammy Blais for Boarding.
1:34 of 3rd period - Kyle Brodziak wins face-off versus Sean Monahan in St-Louis Blues zone.
1:39 of 3rd period - Snap shot by Kyle Brodziak.
1:39 of 3rd period - Shot Blocked by Reilly Smith.
1:41 of 3rd period - Snap shot by Kyle Brodziak.
1:41 of 3rd period - Stopped by Mike Smith without a rebound.
1:42 of 3rd period - Kyle Brodziak wins face-off versus Sean Monahan in Calgary Flames zone.
1:45 of 3rd period - Wrist shot by Kyle Brodziak.
1:45 of 3rd period - Stopped by Mike Smith with a rebound.
1:47 of 3rd period - Wrist shot by Troy Brouwer.
1:47 of 3rd period - Shot Misses the Net.
1:49 of 3rd period - Snap shot by Robert Bortuzzo.
1:49 of 3rd period - Stopped by Mike Smith with a rebound.
1:51 of 3rd period - Wrist shot by Kyle Brodziak.
1:51 of 3rd period - Deflect By Troy Brouwer.
1:51 of 3rd period - Stopped by Mike Smith without a rebound.
1:52 of 3rd period - Troy Brouwer wins face-off versus Erik Haula in Calgary Flames zone.
2:12 of 3rd period - Icing by Paul Byron.
2:13 of 3rd period - Erik Haula wins face-off versus Patrik Berglund in Calgary Flames zone.
2:36 of 3rd period - Snap shot by Erik Haula.
2:36 of 3rd period - Stopped by Jaroslav Halak with a rebound.
2:57 of 3rd period - Snap shot by Erik Haula.
2:57 of 3rd period - Shot Misses the Net.
2:59 of 3rd period - Wrist shot by Paul Byron.
2:59 of 3rd period - Shot Misses the Net.
3:01 of 3rd period - Wrist shot by Paul Byron.
3:01 of 3rd period - Stopped by Jaroslav Halak without a rebound.
3:02 of 3rd period - Kyle Brodziak wins face-off versus Sean Monahan in St-Louis Blues zone.
3:28 of 3rd period - TJ Brodie is hit by Robert Bortuzzo and loses puck.
3:33 of 3rd period - Penalty to Sammy Blais is over, Sammy Blais is back on ice.
3:43 of 3rd period - Sam Bennett is hit by Ryan Strome and loses puck.
4:18 of 3rd period - Patrik Berglund is hit by Mark Giordano and loses puck.
4:33 of 3rd period - Wrist shot by Kyle Brodziak.
4:33 of 3rd period - Shot Misses the Net.
4:35 of 3rd period - Slapshot by Kyle Brodziak.
4:35 of 3rd period - Shot Misses the Net.
4:37 of 3rd period - Snap shot by Scottie Upshall.
4:37 of 3rd period - Shot Misses the Net.
4:39 of 3rd period - Snap shot by Kyle Brodziak.
4:39 of 3rd period - Deflect By Scottie Upshall.
4:39 of 3rd period - Deflect By Erik Haula.
4:39 of 3rd period - Shot Blocked by TJ Brodie.
4:39 of 3rd period - Puck is out of play.
4:40 of 3rd period - J.T. Compher wins face-off versus Sean Monahan in Calgary Flames zone.
4:47 of 3rd period - Slapshot by Troy Brouwer.
4:47 of 3rd period - Shot Blocked by Johnny Gaudreau.
5:30 of 3rd period - Josh Anderson is hit by Jaden Schwartz and loses puck.
6:03 of 3rd period - Snap shot by Troy Brouwer.
6:03 of 3rd period - Shot Blocked by Michael Frolik.
6:15 of 3rd period - Kyle Brodziak is hit by Sam Bennett and loses puck.
6:24 of 3rd period - Daniel Carr is hit by Sammy Blais and loses puck.
6:43 of 3rd period - Backhand shot by Radek Faksa.
6:43 of 3rd period - Shot Hit the Post.
6:45 of 3rd period - Slapshot by Colin Miller.
6:45 of 3rd period - Stopped by Jaroslav Halak with a rebound.
6:47 of 3rd period - Slapshot by Colin Miller.
6:47 of 3rd period - Shot Misses the Net.
6:57 of 3rd period - Adam Pelech is hit by Patrik Berglund and loses puck.
7:16 of 3rd period - Snap shot by J.T. Compher.
7:16 of 3rd period - Stopped by Mike Smith with a rebound.
7:18 of 3rd period - Slapshot by Troy Brouwer.
7:18 of 3rd period - Stopped by Mike Smith without a rebound.
7:19 of 3rd period - J.T. Compher wins face-off versus Paul Byron in Calgary Flames zone.
7:20 of 3rd period - Snap shot by Troy Brouwer.
7:20 of 3rd period - Shot Misses the Net.
7:22 of 3rd period - Wrist shot by J.T. Compher.
7:22 of 3rd period - Stopped by Mike Smith with a rebound.
7:24 of 3rd period - Slapshot by Dmitrij Jaskin.
7:24 of 3rd period - Stopped by Mike Smith without a rebound.
7:25 of 3rd period - Radek Faksa wins face-off versus J.T. Compher in Calgary Flames zone.
7:37 of 3rd period - Snap shot by Dmitrij Jaskin.
7:37 of 3rd period - Deflect By Troy Brouwer.
7:37 of 3rd period - Deflect By Jake Gardiner.
7:37 of 3rd period - Stopped by Mike Smith without a rebound.
7:38 of 3rd period - Sean Monahan wins face-off versus Scottie Upshall in Calgary Flames zone.
8:05 of 3rd period - Troy Brouwer is hit by Colin Miller and loses puck.
8:10 of 3rd period - Wrist shot by Erik Haula.
8:10 of 3rd period - Stopped by Jaroslav Halak with a rebound.
8:14 of 3rd period - Snap shot by Erik Haula.
8:14 of 3rd period - Shot Misses the Net.
8:16 of 3rd period - Snap shot by Michael Frolik.
8:16 of 3rd period - Shot Misses the Net.
8:28 of 3rd period - Snap shot by Sam Bennett.
8:28 of 3rd period - Deflect By Troy Brouwer.
8:28 of 3rd period - Goal by Sam Bennett - St-Louis Blues : 1 - Calgary Flames : 4.
8:29 of 3rd period - Radek Faksa wins face-off versus Paul Stastny in neutral zone.
8:38 of 3rd period - Wrist shot by Radek Faksa.
8:38 of 3rd period - Stopped by Jaroslav Halak with a rebound.
8:44 of 3rd period - Mark Giordano is hit by Robert Bortuzzo and loses puck.
9:04 of 3rd period - Off-side.
9:05 of 3rd period - Sean Monahan wins face-off versus Kyle Brodziak in neutral zone.
9:30 of 3rd period - Paul Byron is hit by Jaden Schwartz.
9:52 of 3rd period - Slapshot by Radek Faksa.
9:52 of 3rd period - Stopped by Jaroslav Halak with a rebound.
9:58 of 3rd period - Adam Pelech is hit by Chris Stewart and loses puck.
10:13 of 3rd period - Backhand shot by Radek Faksa.
10:13 of 3rd period - Shot Misses the Net.
10:15 of 3rd period - Slapshot by Jake Gardiner.
10:15 of 3rd period - Stopped by Jaroslav Halak with a rebound.
10:17 of 3rd period - Slapshot by Jake Gardiner.
10:17 of 3rd period - Deflect By Troy Brouwer.
10:17 of 3rd period - Stopped by Jaroslav Halak without a rebound.
10:18 of 3rd period - Sean Monahan wins face-off versus Paul Stastny in St-Louis Blues zone.
10:21 of 3rd period - Snap shot by Johnny Gaudreau.
10:21 of 3rd period - Shot Misses the Net.
10:23 of 3rd period - Wrist shot by Johnny Gaudreau.
10:23 of 3rd period - Shot Blocked by Alex Pietrangelo.
10:25 of 3rd period - Slapshot by Mark Giordano.
10:25 of 3rd period - Stopped by Jaroslav Halak without a rebound.
10:26 of 3rd period - Sean Monahan wins face-off versus Paul Stastny in St-Louis Blues zone.
10:27 of 3rd period - Wrist shot by Johnny Gaudreau.
10:27 of 3rd period - Stopped by Jaroslav Halak without a rebound.
10:28 of 3rd period - Sean Monahan wins face-off versus Paul Stastny in St-Louis Blues zone.
10:39 of 3rd period - Snap shot by Johnny Gaudreau.
10:39 of 3rd period - Stopped by Jaroslav Halak without a rebound.
10:40 of 3rd period - Erik Haula wins face-off versus J.T. Compher in St-Louis Blues zone.
11:09 of 3rd period - Snap shot by Daniel Carr.
11:09 of 3rd period - Shot Misses the Net.
11:11 of 3rd period - Slapshot by Mark Giordano.
11:11 of 3rd period - Shot Misses the Net.
11:17 of 3rd period - Snap shot by Daniel Carr.
11:17 of 3rd period - Stopped by Jaroslav Halak with a rebound.
12:05 of 3rd period - Sean Monahan is hit by Nikita Soshnikov and loses puck.
12:45 of 3rd period - Daniel Carr is hit by Scottie Upshall and loses puck.
12:52 of 3rd period - Wrist shot by Scottie Upshall.
12:52 of 3rd period - Goal by Scottie Upshall - St-Louis Blues : 2 - Calgary Flames : 4.
12:53 of 3rd period - Radek Faksa wins face-off versus J.T. Compher in neutral zone.
13:07 of 3rd period - Snap shot by J.T. Compher.
13:07 of 3rd period - Deflect By Troy Brouwer.
13:07 of 3rd period - Stopped by Mike Smith without a rebound.
13:08 of 3rd period - Paul Stastny wins face-off versus Daniel Carr in Calgary Flames zone.
13:55 of 3rd period - Slapshot by Alex Pietrangelo.
13:55 of 3rd period - Deflect By Johnny Gaudreau.
13:55 of 3rd period - Stopped by Mike Smith with a rebound.
13:57 of 3rd period - Wrist shot by Troy Brouwer.
13:57 of 3rd period - Shot Blocked by Mark Giordano.
13:59 of 3rd period - Wrist shot by Dmitrij Jaskin.
13:59 of 3rd period - Deflect By J.T. Compher.
13:59 of 3rd period - Shot Misses the Net.
13:59 of 3rd period - Puck is out of play.
14:00 of 3rd period - Johnny Gaudreau wins face-off versus J.T. Compher in Calgary Flames zone.
14:25 of 3rd period - J.T. Compher is hit by Alex Chiasson.
14:47 of 3rd period - Snap shot by Troy Brouwer.
14:47 of 3rd period - Goal by Troy Brouwer - St-Louis Blues : 3 - Calgary Flames : 4.
14:48 of 3rd period - Radek Faksa wins face-off versus Paul Stastny in neutral zone.
14:53 of 3rd period - Snap shot by Micheal Ferland.
14:53 of 3rd period - Shot Misses the Net.
15:20 of 3rd period - Slapshot by Patrik Berglund.
15:20 of 3rd period - Stopped by Mike Smith with a rebound.
15:22 of 3rd period - Slapshot by Robert Bortuzzo.
15:22 of 3rd period - Shot Blocked by Daniel Carr.
15:48 of 3rd period - Minor Penalty to Robert Bortuzzo for Tripping.
15:49 of 3rd period - Kyle Brodziak wins face-off versus Sean Monahan in St-Louis Blues zone.
17:27 of 3rd period - Colin Miller is hit by Ryan Strome and loses puck.
17:38 of 3rd period - Wrist shot by Ryan Strome.
17:38 of 3rd period - Goal by Ryan Strome - St-Louis Blues : 4 - Calgary Flames : 4.
17:39 of 3rd period - Sean Monahan wins face-off versus Kyle Brodziak in neutral zone.
17:48 of 3rd period - Penalty to Robert Bortuzzo is over, Robert Bortuzzo is back on ice.
18:11 of 3rd period - Icing by Troy Brouwer.
18:12 of 3rd period - Radek Faksa wins face-off versus Kyle Brodziak in St-Louis Blues zone.
18:39 of 3rd period - Slapshot by Alex Pietrangelo.
18:39 of 3rd period - Deflect By Nikita Soshnikov.
18:39 of 3rd period - Shot Misses the Net.
18:39 of 3rd period - Puck is out of play.
18:40 of 3rd period - Patrik Berglund wins face-off versus Sam Bennett in Calgary Flames zone.
18:43 of 3rd period - Wrist shot by Nikita Soshnikov.
18:43 of 3rd period - Shot Misses the Net.
19:14 of 3rd period - Wrist shot by Paul Stastny.
19:14 of 3rd period - Stopped by Mike Smith with a rebound.
19:26 of 3rd period - Wrist shot by Johnny Gaudreau.
19:26 of 3rd period - Stopped by Jaroslav Halak without a rebound.
19:27 of 3rd period - Paul Stastny wins face-off versus Sean Monahan in St-Louis Blues zone.
Goals for this period are 3 for St-Louis Blues vs 1 for Calgary Flames.
Shots for this period are 17 for St-Louis Blues vs 14 for Calgary Flames.

Overtime #1


0:01 of 1st overtime period - J.T. Compher wins face-off versus Sean Monahan in neutral zone.
0:14 of 1st overtime period - Snap shot by Jaden Schwartz.
0:14 of 1st overtime period - Shot Blocked by Mark Giordano.
0:16 of 1st overtime period - Wrist shot by Jaden Schwartz.
0:16 of 1st overtime period - Goal by Jaden Schwartz - St-Louis Blues : 5 - Calgary Flames : 4.
Goals for this period are 1 for St-Louis Blues vs 0 for Calgary Flames.
Shots for this period are 1 for St-Louis Blues vs 0 for Calgary Flames.